AoeStats
← gingersurprise69

Scandinavia

510833660Analyzed
1v1 RM · 18h ago on Oct 2, 2026· 50m 46s· 2 players
Game mode
Random Map
Map size
Tiny (2 player)
Population
200
Speed
Normal
Resources
Standard
Victory
Conquest
Starting age
Dark Age
Ending age
Imperial Age
RankedLock teamsTeams togetherTeam positionsShared explorationLock speedFull tech treeHidden civsTurbo modeCheats
Victory
Defeat
🇮🇪 Lithuanians · Ireland
931
+16
🇨🇦 Danes · Canada
932
-16
MrUnluckie
6:31 Loom
9:18 Feudal Age
9:58 Double-Bit Axe
19:37 Castle Age
18:28 Horse Collar
18:40 Fletching
18:56 Scale Barding Armor
19:20 Bloodlines
20:28 Husbandry
21:28 Forging
23:34 Chain Barding Armor
25:29 Squires
27:16 Wheelbarrow
32:15 Elite Skirmisher
42:14 Town Watch
45:49 Fishing Lines
51:26 Thumb Ring
gingersurprise69
7:24 Loom
10:37 Feudal Age
18:52 Castle Age
17:12 Double-Bit Axe
17:09 Horse Collar
17:29 Gold Mining
18:18 Fletching
21:43 Bodkin Arrow
23:08 Bloodlines
23:06 Padded Archer Armor
25:43 Pikeman
27:42 Squires
32:52 Thumb Ring
35:25 Arson
38:13 Gambesons
39:06 Husbandry
39:26 Forging
39:16 Scale Mail Armor
39:27 Forging
40:28 Scale Mail Armor
40:33 Light Cavalry
45:54 Chain Mail Armor
46:49 Iron Casting
Connection lost

Rejoining the realm…

Still unreachable

The connection could not be restored.

Session expired

The server has moved on; the page needs a fresh start.